cohdb
Replays
Latest Replays
All Replays
Popular Replays
Top Player Replays
Match Explorer
How It Works
Community
CoH3 Stats
Reddit
Sign in to upload your games and track your stats! →
Sign in with Steam
Match 38195491
Unlisted
Match 38195491
Overview
Messages
Build Orders
End
Selects Italian Combined Arms Battlegroup
Selects Bersaglieri Squad
Bersaglieri Squad
250 Light Carrier
Bersaglieri Squad
Bersaglieri Squad
Selects Bersaglieri Bolster
Bersaglieri Squad
Construct Light Support Kompanie
Construct Mechanized Kompanie
8 Rad Armored Car
Combat Half-tracks
Panzerjäger Mechanized Group
254 Reconnaissance Tractor
Selects Breda Model 30 Light Machine Guns
Construct Panzerarmee Kommand
Panzer III L Medium Tank
2.5-tonne Medical Truck
Panzer III L Medium Tank
Selects Semovente da 75/18 Assault Gun
Selects Strafing Run
Selects Pact of Steel
Walking Stuka Rocket Launcher
Strafing Run
Panzer III L Medium Tank
BossManShaw
Gubbagegg
Grom
Herald of Salt
STALKER4732
ezh
kit.ohume
Devochkin
0
0
Comments
sign in to comment!
No comments posted yet!